 Dungeon Crawl Stone Soup version 0.31-a0-232-gb1c03b2570 (webtiles) character file.

Game seed: 3444755720067515944

77 Decritt the Trooper (level 4, -3/29 HPs)
             Began as a Gargoyle Fighter on July 7, 2023.
             Slain by a gnoll
             ... wielding a +0 halberd
              (12 damage)
             ... on level 3 of the Dungeon.
             The game lasted 00:02:18 (1601 turns).

Decritt the Trooper (Gargoyle Fighter)              Turns: 1601, Time: 00:02:19

Health: -3/29      AC: 10    Str: 22    XL:     4   Next: 34%
Magic:  4/4        EV:  9    Int:  8    God:
Gold:   97         SH:  4    Dex:  9    Spells: 3/3 levels left

rFire   . . .        g - +2 spear (heavy)
rCold   . . .        c - +0 buckler
rNeg    + . .        b - +0 scale mail
rPois   ∞            (no helmet)
rElec   +            (no cloak)
rCorr   .            (no gloves)
SInv    .            (no boots)
Will    .....        (no amulet) Stlth
                     (no ring)
HPRegen 0.24/turn    (no ring)
MPRegen 0.09/turn

%: no passive effects
@: no status effects
A: sickness immunity, AC +3, negative energy resistance 1, electricity
resistance, torment resistance 1, petrification resistance
a: no special abilities


You were on level 3 of the Dungeon.
You visited 1 branch of the dungeon, and saw 3 of its levels.

You collected 97 gold pieces.

Inventory:

Hand Weapons
 a - a +0 flail
 g - a +2 heavy spear (weapon)
Armour
 b - a +0 scale mail (worn)
 c - a +0 buckler (worn)
Scrolls
 e - 2 scrolls of identify {unknown}
 f - 2 scrolls of teleportation {unknown}
 h - a scroll of fog {unknown}
Potions
 d - a potion of might
 i - a potion of curing {unknown}
 j - a potion of ambrosia {unknown}


   Skills:
 * Level 4.1 Fighting
 * Level 1.8(2.2) Axes
 - Level 2.0(2.4) Maces & Flails
 + Level 3.7 Armour
 + Level 3.7 Shields


You had 3 spell levels left.
You didn't know any spells.
Your spell library was empty.

Dungeon Overview and Level Annotations

Branches:
Dungeon (3/15)

Altars:


Innate Abilities, Weirdness & Mutations

You are immune to sickness and miasma.
Your stone body is resilient. (AC +3)
You are immune to poison.
You resist negative energy. (rN+)
You are resistant to electric shocks. (rElec)
You are resistant to unholy torment.
You are immune to petrification.


Message History

No target in view!
No target in view!
Things that are here:
a +0 short sword of draining; a stone Done exploring.
Done exploring.
(D) Dungeon
Where to? (? - help)
Things that are here:
a +0 short sword of draining; a stone
There is a stone staircase leading down here.
You climb downwards.
The gnoll shouts!
You hear a shout!
There is a stone staircase leading up here.
There are monsters nearby!
There are monsters nearby!
A gnoll comes into view. It is wielding a +0 halberd.
There is a stone staircase leading up here.
A gnoll comes into view. It is wielding a +1 whip of flaming.
The gnoll shouts!
The gnoll closely misses you. You block the gnoll's attack.
You reach to attack!
You puncture the gnoll!
You kill the gnoll!
The gnoll barely misses you.
An orc comes into view. It is wielding a +1 dagger of venom.
The gnoll barely misses you. x2
There is a stone staircase leading up here.
You hit the gnoll.
The gnoll is lightly wounded.
The gnoll misses you. You block the gnoll's attack.
The gnoll hits you with a +0 halberd.
The gnoll hits you from afar with a +0 halberd!
You puncture the gnoll!
The gnoll is severely wounded.
The gnoll hits you with a +1 whip of flaming.
* * * LOW HITPOINT WARNING * * *
The gnoll burns you.
* * * LOW HITPOINT WARNING * * *
The gnoll hits you with a +0 halberd!
You die...

### ##..#
#####..#
#.....#
#...@.#
#...gg#
#.g...#
........)..#
######.....#
#........
##.....###
...####
#o###


You could see 3 gnolls.

Vanquished Creatures
  A hound (D:2)
  A gnoll (D:3)
  2 adders (D:2)
  3 bats
  3 endoplasms (D:2)
  A giant cockroach (D:1)
  A goblin (D:1)
  2 hobgoblins
  A kobold (D:2)
  2 ball pythons (D:1)
  3 frilled lizards
  4 rats
24 creatures vanquished.

Notes
Turn   | Place    | Note
-------+----------+-------------------------------------------
     0 | D:1      | Decritt the Gargoyle Fighter began the quest for the Orb.
     0 | D:1      | Reached XP level 1. HP: 14/14 MP: 1/1
   364 | D:1      | Reached XP level 2. HP: 19/19 MP: 2/2
   896 | D:2      | Found a faded altar of an unknown god.
  1009 | D:2      | Reached skill level 1 in Axes
  1044 | D:2      | Reached XP level 3. HP: 24/24 MP: 3/3
  1054 | D:2      | Reached skill level 4 in Fighting
  1313 | D:2      | Reached XP level 4. HP: 29/29 MP: 4/4
  1601 | D:3      | Slain by a gnoll

Illustrated notes

Levels and vault maps discovered:
D:1:      tarquinn_simple_flora_water_b, layout_loops_corners
D:2:      layout_loops_ring, chequers_ecumenical_altar_simple,
          grunt_decor_one_mirror, minivault_11, solitary_fountain,
          dreamdust_princess_bridge, chequers_serial_rivers_large_b,
          minmay_indecisive_spiral
D:3:      layout_rooms, serial_shops, nicolae_shop_trees, shop_coins,
          chequers_serial_rivers_small_3, uniq_ijyb, uniq_sigmund

Skill      XL: |  1  2  3 |
---------------+----------+-----
Axes           | 1 |  1.8
Fighting       | 4 |  4.1
Maces & Flails | |  2.0
Armour         | |  3.7
Shields        | |  3.7

Action                     |  1- 3 |  4- 6 || total
---------------------------+-------+-------++-------
  Melee: Flail             |    23 |       ||    23
         Spear             |    37 |     7 ||    44
 Armour: Scale mail        |    45 |     2 ||    47
  Dodge: Dodged            |    31 |     6 ||    37
  Block: Buckler           |     8 |     2 ||    10

Table legend: (Time is in decaauts)
 A = Elapsed time spent in this place.
 B = Non-inter-level travel time spent in this place.
 C = Inter-level travel time spent in this place.
 D = Time resting spent in this place.
 E = Time spent auto-exploring this place.
 F = Levels seen in this place.
 G = Mean time per level.
                   A        B        C        D        E       F      G
               +--------+--------+--------+--------+--------+-----+--------+
         Total |   1663 |   1610 |     53 |      0 |   1416 |   3 |  554.3 |
       Dungeon |   1663 |   1610 |     53 |      0 |   1416 |   3 |  554.3 |
               +--------+--------+--------+--------+--------+-----+--------+

Top non-repeatable levels by time:
     D:1: 846 daAuts
     D:2: 805 daAuts
     D:3: 11 daAuts
